 Dungeon Crawl Stone Soup version 0.30-a0-1114-gd936c97349 (webtiles) character file.

Game seed: 14431399938473486894

56 kae the Ruffian (level 3, 0/28 HPs)
             Began as a Draconian Transmuter on Apr 20, 2023.
             Killed from afar by a dart slug (5 damage)
             ... with a slug dart
             ... on level 2 of the Dungeon.
             The game lasted 00:01:11 (803 turns).

kae the Ruffian (Draconian Transmuter)               Turns: 803, Time: 00:01:12

Health: 0/28       AC:  5    Str: 12    XL:     3   Next: 69%
Magic:  5/6        EV: 12    Int: 15    God:
Gold:   56         SH:  0    Dex: 11    Spells: 0/6 levels left

rFire   . . .      SeeInvis .      - Unarmed
rCold   . . .      Faith    .    (no shield)
rNeg    . . .      Spirit   .    (body armour unavailable)
rPois   .          Reflect  .    (helmet currently unavailable)
rElec   .          Rampage  .    (no cloak)
rCorr   .                        (no gloves)
Will    .....                    (boots currently unavailable)
Stlth   +                        (no amulet)
HPRegen 0.24/turn                (no ring)
MPRegen 0.10/turn                (no ring)

@: appendages (expiring)
A: horns 2, talons 2, AC +5, unfitting armour, cold-blooded
a: End Transformation


You were on level 2 of the Dungeon.
You had temporarily grown beastly horns and talons.
You visited 1 branch of the dungeon, and saw 2 of its levels.

You collected 56 gold pieces.


Innate Abilities, Weirdness & Mutations

You have temporarily grown beastly horns and talons.
Your plain brown scales are hard. (AC +5)
You cannot fit into any form of body armour.
You are cold-blooded and may be slowed by cold attacks.


   Skills:
 - Level 1.1 Fighting
 - Level 1.7 Dodging
 - Level 3.3 Unarmed Combat
 - Level 2.3 Spellcasting
 - Level 2.9 Transmutations
 + Level 1.6 Poison Magic


You couldn't memorise any spells.
You knew the following spells:

 Your Spells              Type           Power      Damage    Failure   Level
a - Beastly Appendage     Tmut           20%        N/A       6%          1
b - Wereblood             Tmut           10%        N/A       10%         2
c - Spider Form           Tmut/Pois      8%         N/A       26%         3

Your spell library contained the following spells:

 Spells                   Type           Power      Damage    Failure   Level
 Ice Form                 Ice/Tmut       6%         N/A       75%         4

Inventory:

Missiles
 c - 14 stones
Scrolls
 h - 2 scrolls of brand weapon
Potions
 a - a potion of lignification {!q}
 g - a potion of flight

Dungeon Overview and Level Annotations

Branches:
Dungeon (2/15) Zot: 11201

Altars:

...# . .. #...## #. .#
8...8 #.#####.# #...
#........### #..
#..#.......# #. #.#
#..#.......#
#...####.#####..+.......#
#......†)...##..#........
.>...####@....#......#.#.#
.....................#.# #
. .........w.........#.#.#
........................
...#.......#....†[.)....
.. #.....$..<.†......... .
..........##..###....
...........##...).....
#.#.###...)..........


You could see a dart slug.


Message History

A goblin is nearby!
You are too injured to fight recklessly!
You are too injured to fight recklessly!
Casting: Beastly Appendage (safe; 6% risk of failure)
Confirm with . or Enter, or press ? or * to list all spells.
You grow a pair of large bovine horns.
Your feet morph into talons.
The goblin shouts!
The goblin unwields a +0 club.
The goblin wields a +0 sling.
The goblin shoots a sling bullet.
The sling bullet barely misses you.
A frilled lizard comes into view.
The goblin shoots a sling bullet.
The sling bullet closely misses you. 😮 MP[-1]
You lost 1 mp, and now have 5/6 mp.
You are too injured to fight recklessly!
You are too injured to fight recklessly!
A goblin is nearby!
You are too injured to fight recklessly!
You are too injured to fight recklessly!
A goblin is nearby!
Unknown command.
A giant cockroach comes into view.
The goblin shoots a sling bullet.
The sling bullet hits you.
* * * LOW HITPOINT WARNING * * *
😨 HP[-5]
You take 5 damage, and now have 11/28 hp.
Your transformation is almost over.
The goblin shoots a sling bullet.
The sling bullet hits you.
* * * LOW HITPOINT WARNING * * *
😱 HP[-6]
You take 6 damage, and now have 5/28 hp.
MASSIVE DAMAGE!! (PAUSE)
Found an escape hatch in the floor.
Okay, then.
Okay, then.
You start resting.
A bat comes into view. 😱 HP[+1]
Casting: Beastly Appendage (safe; 6% risk of failure)
Confirm with . or Enter, or press ? or * to list all spells.
You miscast Beastly Appendage.
You are very lightly contaminated with residual magic.
Nothing appears to happen. 😱 MP[-1]
You lost 1 mp, and now have 4/6 mp. 😱 MP[+1]
Casting: Beastly Appendage (safe; 6% risk of failure)
Confirm with . or Enter, or press ? or * to list all spells.
You extend your transformation's duration.
The giant cockroach bites you but does no damage.
The giant cockroach barely misses you. 😱 HP[+1] MP[-1]
You lost 1 mp, and now have 4/6 mp.
You barely miss the giant cockroach. You claw the giant cockroach.
The giant cockroach barely misses you.
You barely miss the giant cockroach.
Your headbutt misses the giant cockroach.
The giant cockroach waves its antennae.
The giant cockroach bites you but does no damage.
Unknown command.
You barely miss the giant cockroach.
You claw the giant cockroach, but do no damage.
The giant cockroach closely misses you.
Your magical contamination has completely faded away.
You hit the giant cockroach but do no damage.
Your kick misses the giant cockroach.
Your tail-slap misses the giant cockroach.
The giant cockroach bites you.
* * * LOW HITPOINT WARNING * * *
😱 HP[-1]
You take 1 damage, and now have 6/28 hp.
You hit the giant cockroach.
You kill the giant cockroach!
The goblin shoots a sling bullet.
The sling bullet closely misses you.
Unknown command.
A dart slug comes into view.
The bat misses you.
The goblin unwields a +0 sling.
The goblin wields a +0 club.
The goblin hits you but does no damage.
You see here a giant cockroach corpse.
You hit the goblin but do no damage.
Your tail-slap misses the goblin.
Your transformation is almost over.
The bat hits you but does no damage. The goblin barely misses you.
You hit the goblin. You claw the goblin.
You kill the goblin!
The bat closely misses you. 😱 HP[+1] 😱 MP[+1]
You hit the bat.
You kill the bat!
You start resting.
A dart slug is nearby!
The dart slug launches a dart at you. The slug dart hits you.
* * * LOW HITPOINT WARNING * * *
You see here a giant cockroach corpse. 😱 HP[-3]
You take 3 damage, and now have 4/28 hp.
Unknown command.
The dart slug launches a dart at you. The slug dart hits you.
You die...

Skill      XL: |  1  2  3 |
---------------+----------+-----
Poison Magic   | 1 |  1.6
Fighting       | |  1.1
Dodging        | |  1.7
Unarmed Combat | |  3.3
Spellcasting   | |  2.3
Transmutations | |  2.9

Action                     || total
---------------------------++-------
  Melee: Unarmed           ||    88
         Kick              ||    19
         Headbutt          ||     7
         Tailslap          ||     7
   Cast: Beastly Appendage ||    18
    Use: Scroll            ||     5
 Armour: Skin              ||    37
  Dodge: Dodged            ||    78

Levels and vault maps discovered:
D:1:      evilmike_arrival_come_back, layout_basic, minmay_misc_feat_hallway,
          amcnicky_mini_corridor_feature
D:2:      layout_basic, serial_corexii_hall, corexii_hall_statues_l,
          chequers_hall_statues_corner_a, chequers_hall_statues_wall_a,
          chequers_hall_statues_corner_a, uniq_jessica, uniq_robin

Notes
Turn   | Place    | Note
-------+----------+-------------------------------------------
     0 | D:1      | kae the Draconian Transmuter began the quest for the Orb.
     0 | D:1      | Reached XP level 1. HP: 16/16 MP: 3/3
     0 | D:1      | magus.rc [v1.11.3]
   109 | D:1      | Reached XP level 2. HP: 22/23 MP: 3/5
   492 | D:1      | Reached XP level 3. HP: 26/28 MP: 4/6
   498 | D:1      | Learned a level 2 spell: Wereblood
   502 | D:1      | Learned a level 3 spell: Spider Form
   767 | D:2      | Reached skill level 1 in Poison Magic
   782 | D:2      | HP: 5/28 [goblin/sling bullet (6)]
   794 | D:2      | HP: 6/28 [giant cockroach (2)]
   802 | D:2      | HP: 4/28 [dart slug/slug dart (3)]
   803 | D:2      | Killed from afar by a dart slug

Vanquished Creatures
  An adder (D:2)
  A worm (D:2)
  3 dart slugs
  3 bats
  A giant cockroach (D:2)
  3 goblins
  6 jackals (D:1)
  2 quokkas
  4 ball pythons (D:1)
  A frilled lizard (D:1)
  6 kobolds
  5 rats (D:1)
36 creatures vanquished.

Table legend:
 A = Non-vault XP
 B = Vault XP
 C = Vault XP percentage of total XP
 D = Non-vault monster count
 E = Vault monster count
 F = Vault count percentage of total count
                 A         B        C        D         E       F
            +---------+---------+-------+---------+---------+-------
      Total |      80 |       0 |   0.0 |      36 |       0 |   0.0
            +---------+---------+-------+---------+---------+-------
        D:1 |      46 |       0 |   0.0 |      27 |       0 |   0.0
        D:2 |      34 |       0 |   0.0 |       9 |       0 |   0.0
            +---------+---------+-------+---------+---------+-------

Illustrated notes

Table legend:
 A = Kills in this place as a percentage of kills in the entire game.
 B = Kills by you in this place as a percentage of kills by you in the entire game.
 C = Kills by friends in this place as a percentage of kills by friends in the entire game.
 D = Other kills in this place as a percentage of other kills in the entire game.
 E = Experience gained in this place as a percentage of experience gained in the entire game.
 F = Experience gained in this place divided by the number of levels of this place that you have seen.
                   A       B       C       D       E      F
               +-------+-------+-------+-------+-------+----------------------
         Total | 100.0 | 100.0 |   N/A |   N/A | 100.0 |  40.0
       Dungeon | 100.0 | 100.0 |   N/A |   N/A | 100.0 |  40.0
               +-------+-------+-------+-------+-------+----------------------

Table legend: (Time is in decaauts)
 A = Elapsed time spent in this place.
 B = Non-inter-level travel time spent in this place.
 C = Inter-level travel time spent in this place.
 D = Time resting spent in this place.
 E = Time spent auto-exploring this place.
 F = Levels seen in this place.
 G = Mean time per level.
                   A        B        C        D        E       F      G
               +--------+--------+--------+--------+--------+-----+--------+
         Total |    797 |    792 |      5 |      2 |    566 |   2 |  398.5 |
       Dungeon |    797 |    792 |      5 |      2 |    566 |   2 |  398.5 |
               +--------+--------+--------+--------+--------+-----+--------+

Top non-repeatable levels by time:
     D:1: 693 daAuts
     D:2: 104 daAuts
